 Dungeon Crawl Stone Soup version 0.27-a0-1277-g3808f8b1c9 (webtiles) character file.

Game seed: 17826451859434453408

89 Johnny the Magician (level 4, -3/26 HPs)
             Began as a Deep Elf Earth Elementalist on June 12, 2021.
             Slain by a gnoll (9 damage)
             ... on level 2 of the Dungeon.
             The game lasted 00:01:53 (2068 turns).

Johnny the Magician (Deep Elf Earth Elementalist)   Turns: 2068, Time: 00:01:54

Health: -3/26      AC:  2    Str:  5    XL:     4   Next: 31%
Magic:  5/12       EV: 12    Int: 21    God:
Gold:   45         SH:  0    Dex: 15    Spells: 10/11 levels left

rFire    + . .     SeeInvis .   m - +1 dagger (venom)
rCold    . . .     Faith    .   (no shield)
rNeg     . . .     Spirit   .   c - +0 robe
rPois    .         Reflect  .   (no helmet)
rElec    .         Harm     .   (no cloak)
rCorr    .         Rampage  .   (no gloves)
Will     .....                  (no boots)
Stlth    ++........             (no amulet)
HPRegen  0.08/turn              d - ring of protection from fire
MPRegen  0.13/turn              (no ring)

@: no status effects
A: no striking features
a: no special abilities


You were on level 2 of the Dungeon.
You visited 1 branch of the dungeon, and saw 2 of its levels.

You collected 45 gold pieces.

Inventory:

Hand Weapons
 m - a +1 dagger of venom (weapon)
Missiles
 b - 32 stones
Armour
 c - a +0 robe (worn)
Jewellery
 d - a ring of protection from fire (left hand)
 g - a ring of ice
Scrolls
 e - a scroll of amnesia {unknown}
 k - a scroll of blinking {unknown}
 l - a scroll of identify {unknown}
Potions
 a - a potion of mutation {unknown}
 f - a potion of haste {unknown}
 h - a potion of might {unknown}
 i - a potion of flight {unknown}


   Skills:
 * Level 2.2 Fighting
 - Level 2.4 Dodging
 - Level 2.4 Stealth
 + Level 4.1 Spellcasting
 - Level 1.1 Transmutations
 + Level 4.0 Earth Magic


You had 10 spell levels left.
You knew the following spells:

 Your Spells              Type           Power      Damage    Failure   Level
a - Sandblast             Erth           42%        2d11      2%          1

Your spell library contained the following spells:

 Spells                   Type           Power      Damage    Failure   Level
 Passwall                 Tmut/Erth      12%        N/A       6%          2
 Stone Arrow              Conj/Erth      24%        3d8       16%         3
 Petrify                  Tmut/Erth      15%        N/A       38%         4
 Lee's Rapid Deconstruct  Erth           10%        3d9*      54%         5


Dungeon Overview and Level Annotations

Branches:
Dungeon (2/15)

Altars:


Message History

Press: ? - help, Shift-Dir - straight line, f - gnoll
Aim: a gnoll, wielding a +0 flail (83% to hit)
The blast of sand hits the gnoll!
The gnoll is severely wounded.
Casting: Sandblast (safe; 2% risk of failure)
Confirm with . or Enter, or press ? or * to list all spells.
Aiming: Sandblast (safe; 2% risk of failure)
Press: ? - help, Shift-Dir - straight line, f/p - gnoll
Aim: a gnoll, wielding a +0 flail (severely wounded, 83% to hit)
The blast of sand hits the gnoll!
You kill the gnoll!
The gnoll hits you with a +0 flail!
Your Earth Magic skill increases to level 4!
Unknown command.
Casting: Sandblast (safe; 2% risk of failure)
Confirm with . or Enter, or press ? or * to list all spells.
Aiming: Sandblast (safe; 2% risk of failure)
Press: ? - help, Shift-Dir - straight line, f - gnoll
Aim: a gnoll, wielding a +0 flail (83% to hit)
The blast of sand hits the gnoll.
The gnoll is moderately wounded.
The gnoll hits you with a +0 flail.
Casting: Sandblast (safe; 2% risk of failure)
Confirm with . or Enter, or press ? or * to list all spells.
Aiming: Sandblast (safe; 2% risk of failure)
Press: ? - help, Shift-Dir - straight line, f/p - gnoll
Aim: a gnoll, wielding a +0 flail (moderately wounded, 83% to hit)
The blast of sand hits the gnoll!
The gnoll is almost dead.
The gnoll hits you with a +0 flail.
* * * LOW HITPOINT WARNING * * *
Casting: Sandblast (safe; 2% risk of failure)
Confirm with . or Enter, or press ? or * to list all spells.
Aiming: Sandblast (safe; 2% risk of failure)
Press: ? - help, Shift-Dir - straight line, f/p - gnoll
Aim: a gnoll, wielding a +0 flail (almost dead, 83% to hit)
The blast of sand hits the gnoll.
The gnoll is almost dead.
The gnoll hits you with a +0 flail!
You die...

######## .......#
.......####################
.......').......@gw.)).....
.......#######.#####.#.....
<......# #...# .# #..
.......# ###.# ## .......#
#.# .......# #<# .......#
### .......#######
.†...........#


You could see a gnoll and a dart slug.

Vanquished Creatures
  2 gnolls (D:2)
  4 adders (D:2)
  4 ball pythons
  2 bats (D:1)
  3 endoplasms
  A giant cockroach (D:1)
  4 hobgoblins (D:1)
  4 jackals (D:1)
  4 quokkas (D:1)
  2 goblins
  A kobold (D:1)
  2 rats (D:1)
33 creatures vanquished.

Notes
Turn   | Place    | Note
-------+----------+-------------------------------------------
     0 | D:1      | Johnny the Deep Elf Earth Elementalist began the quest for
                  | the Orb.
     0 | D:1      | Reached XP level 1. HP: 10/10 MP: 6/6
   383 | D:1      | Found a faded altar of an unknown god.
   466 | D:1      | Reached XP level 2. HP: 7/16 MP: 2/8
   468 | D:1      | Reached skill level 1 in Fighting
  1496 | D:1      | Reached XP level 3. HP: 20/20 MP: 6/10
  1986 | D:2      | Reached XP level 4. HP: 23/26 MP: 8/11
  2068 | D:2      | Slain by a gnoll

Illustrated notes

Levels and vault maps discovered:
D:1:      dpeg_arrival_refuge, layout_basic, hellmonk_ecumenical_altar_zigzags,
          serial_bayou_pond_b
D:2:      layout_basic, dk_noncrumbling_3

Skill      XL: |  1  2  3  4 |
---------------+-------------+-----
Fighting       | 1 2 |  2.2
Spellcasting   | 4 |  4.1
Earth Magic    | 4 |  4.0
Dodging        | |  2.4
Stealth        | |  2.4
Transmutations | |  1.1

Action                   |  1- 3 |  4- 6 || total
-------------------------+-------+-------++-------
Melee: Unarmed           |    11 |       ||    11
 Cast: Sandblast         |    47 |     7 ||    54
Armor: Robe              |     8 |       ||     8
Dodge: Dodged            |    43 |       ||    43

Table legend: (Time is in decaauts)
 A = Elapsed time spent in this place.
 B = Non-inter-level travel time spent in this place.
 C = Inter-level travel time spent in this place.
 D = Time resting spent in this place.
 E = Time spent auto-exploring this place.
 F = Levels seen in this place.
 G = Mean time per level.
                   A        B        C        D        E       F      G
               +--------+--------+--------+--------+--------+-----+--------+
         Total |   2069 |   2055 |     14 |    530 |   1282 |   2 | 1034.5 |
       Dungeon |   2069 |   2055 |     14 |    530 |   1282 |   2 | 1034.5 |
               +--------+--------+--------+--------+--------+-----+--------+

Top non-repeatable levels by time:
     D:1: 1603 daAuts
     D:2: 465 daAuts
